 Dungeon Crawl Stone Soup version 0.13.0-29-gdb529de (webtiles) character file.

190 Paddoo the Ruinous (level 3, -6/19 HPs)
             Began as a Deep Elf Conjurer on Nov 15, 2013.
             Killed from afar by an orc wizard (12 damage)
             ... with a puff of frost
             ... on Level 3 of the Dungeon.
             The game lasted 00:14:14 (2621 turns).

Paddoo the Ruinous (Deep Elf Conjurer)              Turns: 2621, Time: 00:14:14

HP  -6/19        AC  6     Str  5      XL: 3   Next: 60%
MP   7/9         EV 13     Int 20      God:
Gold 138         SH  0     Dex 15      Spells:  2 memorised,  3 levels left

Res.Fire  : . . .   See Invis. : +   o - +2,+0 elf dagger
Res.Cold  : . . .   Warding    : .   a - +0 elf robe
Life Prot.: . . .   Conserve   : .   (no shield)
Res.Poison: .       Res.Corr.  : .   p - +2 helmet {SInv}
Res.Elec. : .       Clarity    : .   (no cloak)
Sust.Abil.: . .     Spirit.Shd : .   (no gloves)
Res.Mut.  : .       Stasis     : .   h - +0 pair of boots
Res.Rott. : .       Flight     : .   (no amulet)
Saprovore : . . .                    (no ring)
                                     (no ring)

@: slightly resistant to hostile enchantments, fairly stealthy
A: no striking features
a: no special abilities


You were on level 3 of the Dungeon.
You were hungry.

You visited 1 branch of the dungeon, and saw 3 of its levels.

You collected 118 gold pieces.

Inventory:

Hand weapons
 o - a +2,+0 elven dagger (weapon)
Missiles
 d - 3 darts of flame (quivered)
Armour
 a - a +0 elven robe (worn)
 h - a +0 pair of boots (worn)
 n - a +0 cap
 p - a +2 helmet of see invisible (worn)
Comestibles
 b - a bread ration
 g - a slice of pizza
Scrolls
 f - 4 scrolls of remove curse {unknown}
 i - 2 scrolls of blinking
 m - 2 scrolls of identify
 r - a scroll of fear {unknown}
 t - a scroll of curse weapon {unknown}
Potions
 e - a potion of curing
 j - a potion of cure mutation {unknown}
 k - a potion of heal wounds {unknown}
 l - a potion of flight {unknown}
 q - a potion of mutation {unknown}
Books
 c - a book of Conjurations

   Spells                             Type                      Level
   *Magic Dart                        Conjuration                  1
   Searing Ray                        Conjuration                  2
   *Dazzling Spray                    Conjuration/Hexes            3
   Iskenderun's Mystic Blast          Conjuration                  4
   Iskenderun's Battlesphere          Conjuration/Charms           4
   Fulminant Prism                    Conjuration/Hexes            5


   Skills:
 * Level 0.5 Fighting
 + Level 2.5 Dodging
 - Level 2.4 Stealth
 * Level 2.5 Spellcasting
 + Level 5.4 Conjurations


You had 3 spell levels left.
You knew the following spells:

 Your Spells              Type           Power        Failure   Level  Hunger
a - Magic Dart            Conj           ###.         1%          1    None
b - Dazzling Spray        Conj/Hex       ##......     17%         3    ###....


Dungeon Overview and Level Annotations

Branches:
Dungeon (3/27)

Altars:

Annotations:
D:3 exclusion: 2 ice beasts


Message History

Aiming: Magic Dart
Press: ? - help, Shift-Dir - straight line, f/p - orc wizard
Aim: an orc wizard, wielding an orcish dagger and wearing an orcish robe (moderately wounded)
The magic dart hits the orc wizard.
The orc wizard is heavily wounded.
The orc priest shouts!
The orc priest glows brightly for a moment.
The orc wizard points at you and mumbles some strange words.
The puff of flame misses you.
The orc wizard gestures wildly while chanting.
The orc wizard seems to speed up.
The orc wizard gestures at you while chanting.
The puff of frost hits you!
One of your 2 oily black potions freezes and shatters!
The orc priest mumbles some strange prayers to Beogh against you.
Something smites you!
The orc wizard gestures at you while chanting.
The puff of frost hits you!
Ouch! That really hurt!
You die...

#######.#...................#....
#.(..##.#...###.............'....
............................#....
............................###..
............................# ###
................. ....#######
....###############...#
.......o..o.o.....#...#
....############@.#...# ########
...............#..#...# #.......
...#...........#..#...# #.......
...........##..#..#...####.......
............#..#..#..............
............+..#..#..............
......#.....#..#..#.......##.####
......#######..#..#..(######.#
.''#...........#..#...# #.#


You could see an orc wizard and an orc.

Vanquished Creatures
  3 giant geckos
  8 bats
  4 giant cockroaches
  4 goblins
  7 hobgoblins
  7 kobolds
  A ball python (D:2)
  7 giant newts
  4 rats
45 creatures vanquished.

Notes
Turn   | Place    | Note
--------------------------------------------------------------
     0 | D:1      | Paddoo, the Deep Elf Conjurer, began the quest for the Orb.
     0 | D:1      | Reached XP level 1. HP: 10/10 MP: 4/4
   200 | D:1      | Reached XP level 2. HP: 10/15 MP: 0/6
   967 | D:2      | Reached skill level 5 in Conjurations
  1221 | D:2      | Reached XP level 3. HP: 19/19 MP: 6/9
  1728 | D:3      | Noticed an ice beast
  1933 | D:3      | Learned a level 3 spell: Dazzling Spray
  2050 | D:3      | Noticed an ice beast
  2621 | D:3      | Killed from afar by an orc wizard

Action                   || total
-------------------------++-------
 Cast: Magic Dart        ||    96
  Use: Scroll            ||     3
